 Dungeon Crawl Stone Soup version 0.30.0-10-gfe55d96785 (webtiles) character file.

Game seed: 420667985841194442

44 qw the Chopper (level 3, 23/23 HPs) *WIZ*
             Began as a Gargoyle Fighter on May 14, 2023.
             Quit the game on level 2 of the Dungeon on May 15, 2023.
             The game lasted 00:21:59 (993 turns).

qw the Chopper (Gargoyle Fighter)                    Turns: 993, Time: 00:21:59

Health: 23/23      AC: 10    Str: 21    XL:     3   Next: 60%
Magic:  3/3        EV:  9    Int:  8    God:    No God 0 (0)
Gold:   38         SH:  4    Dex:  9    Spells: 2/2 levels left

rFire   . . .        Y - +0 war axe
rCold   . . .        c - +0 buckler
rNeg    + . .        b - +0 scale mail
rPois   inf          (no helmet)
rElec   +            (no cloak)
rCorr   .            (no gloves)
SInv    .            (no boots)
Will    .....        (no amulet) Stlth
                     (no ring)
HPRegen 0.23/turn    (no ring)
MPRegen 0.08/turn

%: no passive effects
@: no status effects
A: sickness immunity, AC +3, negative energy resistance 1, electricity
resistance, torment resistance 1, petrification resistance
a: Build terrain, Set terrain to build, Clear terrain to floor


You were on level 2 of the Dungeon.
You visited 1 branch of the dungeon, and saw 2 of its levels.

You collected 38 gold pieces.


Innate Abilities, Weirdness & Mutations

You are immune to sickness and miasma.
Your stone body is resilient. (AC +3)
You are immune to poison.
You resist negative energy. (rN+)
You are resistant to electric shocks. (rElec)
You are resistant to unholy torment.
You are immune to petrification.


   Skills:
 - Level 3.2 Fighting
 + Level 3.5 Axes
 - Level 3.2 Armour
 - Level 3.2 Shields


You had 2 spell levels left.
You didn't know any spells.
Your spell library was empty.

Inventory:

Hand Weapons
 j - a +0 whip
 Y - a +0 war axe (weapon)
Armour
 a - a +2 helmet
 b - a +0 scale mail (worn)
 c - a +0 buckler (worn)
 e - a +0 tower shield
Jewellery
 h - a ring of magical power
Potions
 d - a potion of might
 f - a potion of curing
 g - a potion of haste {unknown}
 i - a potion of attraction {unknown}

Dungeon Overview and Level Annotations

Branches:
Dungeon (2/15)

Altars:


Message History

The goblin goes into a battle-frenzy!
You block the goblin's attack.
You closely miss Robin.
Robin is moderately wounded.
You closely miss the goblin. The goblin hits you but does no damage.
Robin hits you with a +0 club. Robin throws the goblin at you!
The goblin hits you but does no damage.
You hit Robin but do no damage.
Robin is moderately wounded.
You barely miss the goblin. Robin hits you with a +0 club.
The goblin barely misses you.
You hit Robin.
Robin is severely wounded.
You hit the goblin.
You kill the goblin!
Robin hits you but does no damage. x2
You completely miss Robin.
Robin is severely wounded.
Robin hits you but does no damage.
You hit Robin but do no damage.
Robin is severely wounded.
Robin hits you but does no damage.
You slash Robin!
You kill Robin!
You start resting.
HP restored.
a - a +2 helmet
Items here: %% )) [.
Things that are here:
a hobgoblin corpse; a hobgoblin corpse
e - a +0 tower shield
g - a dark potion
h - a ring of magical power You open the door.
There is an open door here.
A hobgoblin comes into view.
Found a fizzy black potion.
The hobgoblin shouts!
Options error: Missing colour in message_colour setting: 'then' Are you sure you want to abandon this character and quit the game? (Confirm with "yes".)

#%))..##
#).<...##........
#..)...##........
#......##........
#.#'##.##........
#.#....##........
#.#.#####..g.....
#.#.# #...!....
#.### #@#
#######.##### #.#
............###.#
###.............#
##.##.###.#####
#. #.###.# .
#.....# # #######


You could see a hobgoblin.

Vanquished Creatures
  Robin (D:2)
  An endoplasm (D:1)
  3 giant cockroaches (D:1)
  12 goblins
  4 hobgoblins
  A quokka (D:1)
  A ball python (D:1)
  A frilled lizard (D:1)
  3 kobolds (D:1)
  2 rats
29 creatures vanquished.

Notes
Turn   | Place    | Note
-------+----------+-------------------------------------------
     0 | D:1      | qw the Gargoyle Fighter began the quest for the Orb.
     0 | D:1      | Reached XP level 1. HP: 14/14 MP: 1/1
     0 | D:1      | 0 ||| qw: Version: 0.2-a-92-g8a84c4b
     0 | D:1      | 0 ||| qw: Game counter: 24
     0 | D:1      | 0 ||| qw: Always use a shield: true
     0 | D:1      | 0 ||| qw: God list: Okawaru
     0 | D:1      | 0 ||| qw: Allow faded altars: false
     0 | D:1      | 0 ||| qw: Do Orc after D:15 true
     0 | D:1      | 0 ||| qw: Do second Lair branch before Depths: true
     0 | D:1      | 0 ||| qw: Lair rune preference: random
     0 | D:1      | 0 ||| qw: Plans: Normal, Zot:1-4, God:TSO, Crypt, Tomb,
                  | Pan, Slime:5, Hells, Abyss, Win
     0 | D:1      | 0 ||| PLANNING D:1-11
     6 | D:1      | 6 ||| PLANNING D:1-11
     6 | D:1      | 6 ||| PLANNING D:1-11
     6 | D:1      | 6 ||| Distance map at 2,-3 (exit_dungeon) from position 0,0
                  | (floor)
     6 | D:1      | 6 |||
     6 | D:1      | 6 |||
     6 | D:1      | 6 |||
     6 | D:1      | 6 |||
     6 | D:1      | 6 |||
     6 | D:1      | 6 |||
     6 | D:1      | 6 |||
     6 | D:1      | 6 |||
     6 | D:1      | 6 |||
     6 | D:1      | 6 |||
     6 | D:1      | 6 |||
     6 | D:1      | 6 |||
     6 | D:1      | 6 |||
     6 | D:1      | 6 |||
     6 | D:1      | 6 |||
     6 | D:1      | 6 |||
     6 | D:1      | 6 ||| CBBBC
     6 | D:1      | 6 ||| H CBABC
     6 | D:1      | 6 ||| HG CBBBC
     6 | D:1      | 6 ||| H F CCCCC
     6 | D:1      | 6 ||| I FEDDDDDD
     6 | D:1      | 6 ||| J F EEEEE
     6 | D:1      | 6 ||| K FFFFF
     6 | D:1      | 6 ||| L GGGGG
     6 | D:1      | 6 ||| NM
     6 | D:1      | 6 ||| N
     6 | D:1      | 6 ||| O
     6 | D:1      | 6 |||
     6 | D:1      | 6 |||
     6 | D:1      | 6 |||
     6 | D:1      | 6 |||
     6 | D:1      | 6 |||
     6 | D:1      | 6 |||
     6 | D:1      | 6 |||
     6 | D:1      | 6 |||
     6 | D:1      | 6 |||
     6 | D:1      | 6 |||
     6 | D:1      | 6 |||
     6 | D:1      | 6 |||
     6 | D:1      | 6 |||
     6 | D:1      | 6 |||
     8 | D:1      | Entered wizard mode.
     8 | D:1      | 8 ||| PLANNING D:1-11
     8 | D:1      | 8 ||| PLANNING D:1-11
     8 | D:1      | 8 ||| PLANNING D:1-11
    55 | D:1      | 55 ||| PLANNING D:1-11
    55 | D:1      | 55 ||| PLANNING D:1-11
    55 | D:1      | 55 ||| PLANNING D:1-11
    55 | D:1      | 55 ||| PLANNING D:1-11
    55 | D:1      | 55 ||| PLANNING D:1-11
   100 | D:1      | 100 ||| Distance map at 9,-1 (exit_dungeon) from position
                  | 0,0 (stone_stairs_down_ii)
   100 | D:1      | 100 |||
   100 | D:1      | 100 |||
   100 | D:1      | 100 |||
   100 | D:1      | 100 |||
   100 | D:1      | 100 |||
   100 | D:1      | 100 |||
   100 | D:1      | 100 |||
   100 | D:1      | 100 |||
   100 | D:1      | 100 |||
   100 | D:1      | 100 |||
   100 | D:1      | 100 |||
   100 | D:1      | 100 |||
   100 | D:1      | 100 |||
   100 | D:1      | 100 |||
   100 | D:1      | 100 |||
   100 | D:1      | 100 |||
   100 | D:1      | 100 |||
   100 | D:1      | 100 |||
   100 | D:1      | 100 ||| CBBBC
   100 | D:1      | 100 ||| H CBABC
   100 | D:1      | 100 ||| HG CBBBC
   100 | D:1      | 100 ||| H F CCCCC
   100 | D:1      | 100 ||| I FEDDDDDD
   100 | D:1      | 100 ||| J F EEEEE
   100 | D:1      | 100 ||| K FFFFF
   100 | D:1      | 100 ||| L GGGGG
   100 | D:1      | 100 ||| NM
   100 | D:1      | 100 ||| N
   100 | D:1      | 100 ||| O
   100 | D:1      | 100 |||
   100 | D:1      | 100 |||
   100 | D:1      | 100 |||
   100 | D:1      | 100 |||
   100 | D:1      | 100 |||
   100 | D:1      | 100 |||
   100 | D:1      | 100 |||
   100 | D:1      | 100 |||
   100 | D:1      | 100 |||
   100 | D:1      | 100 |||
   100 | D:1      | 100 |||
   100 | D:1      | 100 |||
   100 | D:1      | 100 ||| Distance map at 0,0 (stone_stairs_down_ii) from
                  | position 0,0 (stone_stairs_down_ii)
   100 | D:1      | 100 |||
   100 | D:1      | 100 |||
   100 | D:1      | 100 |||
   100 | D:1      | 100 |||
   100 | D:1      | 100 |||
   100 | D:1      | 100 |||
   100 | D:1      | 100 |||
   100 | D:1      | 100 |||
   100 | D:1      | 100 |||
   100 | D:1      | 100 |||
   100 | D:1      | 100 |||
   100 | D:1      | 100 |||
   100 | D:1      | 100 |||
   100 | D:1      | 100 |||
   100 | D:1      | 100 |||
   100 | D:1      | 100 |||
   100 | D:1      | 100 |||
   100 | D:1      | 100 ||| PPP
   100 | D:1      | 100 ||| O O QQQQR
   100 | D:1      | 100 ||| B NNN PPPQR
   100 | D:1      | 100 ||| BA MMN OOPQR
   100 | D:1      | 100 ||| B L M NOPQR
   100 | D:1      | 100 ||| DCC K LLMNOPQR
   100 | D:1      | 100 ||| DD J K NOPQR
   100 | D:1      | 100 ||| E I J OOPQR
   100 | D:1      | 100 ||| F HIJ PPPQR
   100 | D:1      | 100 ||| GGHIJ
   100 | D:1      | 100 ||| H
   100 | D:1      | 100 ||| JII
   100 | D:1      | 100 |||
   100 | D:1      | 100 |||
   100 | D:1      | 100 |||
   100 | D:1      | 100 |||
   100 | D:1      | 100 |||
   100 | D:1      | 100 |||
   100 | D:1      | 100 |||
   100 | D:1      | 100 |||
   100 | D:1      | 100 |||
   100 | D:1      | 100 |||
   100 | D:1      | 100 |||
   100 | D:1      | 100 |||
   101 | D:1      | 101 ||| PLANNING D:1-11
   119 | D:1      | 119 ||| PLANNING D:1-11
   119 | D:1      | 119 ||| PLANNING D:1-11
   119 | D:1      | 119 ||| PLANNING D:1-11
   240 | D:1      | Reached XP level 2. HP: 19/19 MP: 2/2
   251 | D:1      | 251 ||| Stepping ~*~*~tactically~*~*~ (stealth).
   252 | D:1      | 252 ||| Stepping ~*~*~tactically~*~*~ (stealth).
   389 | D:1      | 389 ||| DROPPING +0 club.
   846 | D:1      | 846 ||| READING scroll labelled WUH HEITEU.
   847 | D:1      | 847 ||| READING scroll labelled UMEATENUTU.
   848 | D:1      | 848 ||| READING scroll labelled HASHUTR BOSKO.
   861 | D:1      | 861 ||| DRINKING 2 golden potions.
   899 | D:2      | 899 ||| PLANNING D:1-11
   899 | D:2      | 899 ||| Stepping ~*~*~tactically~*~*~ (hiding).
   899 | D:2      | Noticed Robin
   900 | D:2      | 900 ||| Stepping ~*~*~tactically~*~*~ (hiding).
   907 | D:2      | Slain by a goblin
                  | ... wielding a +0 club
                  | ... led by Robin
                  | (6 damage)
   908 | D:2      | Reached skill level 3 in Axes
   908 | D:2      | Reached XP level 3. HP: 23/23 MP: 3/3
   911 | D:2      | HP: 4/23 [hobgoblin[Robin] (3)]
   913 | D:2      | Slain by a goblin
                  | ... wielding a +0 club
                  | ... led by Robin
                  | (4 damage)
   920 | D:2      | Killed Robin
   993 | D:2      | Quit the game

Levels and vault maps discovered: [+gen,+vis] D:1: dpeg_arrival_rooms_c, layout_basic, nrook_loot_triangle [+gen,+vis] D:2: layout_basic, minmay_misc_feat_four_crosses, uniq_robin [+gen,-vis] D:3 [+gen,-vis] D:4 [+gen,-vis] D:5 [+gen,-vis] D:6 [+gen,-vis] D:7 [+gen,-vis] D:8 [+gen,-vis] D:9 [+gen,-vis] D:10 [+gen,-vis] D:11 [+gen,-vis] D:12 [+gen,-vis] D:13 [+gen,-vis] D:14 [+gen,-vis] D:15 [+gen,-vis] Temple: minmay_crystal_spiral_temple [+gen,-vis] Lair:1 [+gen,-vis] Lair:2 [+gen,-vis] Lair:3 [+gen,-vis] Lair:4 [+gen,-vis] Lair:5 [+gen,-vis] Swamp:1 [+gen,-vis] Swamp:2 [+gen,-vis] Swamp:3 [+gen,-vis] Swamp:4 [+gen,-vis] Shoals:1 [+gen,-vis] Shoals:2 [+gen,-vis] Shoals:3 [+gen,-vis] Shoals:4 [+gen,-vis] Snake:1 [+gen,-vis] Snake:2 [+gen,-vis] Snake:3 [+gen,-vis] Snake:4 [+gen,-vis] Spider:1 [+gen,-vis] Spider:2 [+gen,-vis] Spider:3 [+gen,-vis] Spider:4 [+gen,-vis] Slime:1 [+gen,-vis] Slime:2 [+gen,-vis] Slime:3 [+gen,-vis] Slime:4 [+gen,-vis] Slime:5 [+gen,-vis] Orc:1 [+gen,-vis] Orc:2 [+gen,-vis] Elf:1 [+gen,-vis] Elf:2 [+gen,-vis] Elf:3 [+gen,-vis] Vaults:1 [+gen,-vis] Vaults:2 [+gen,-vis] Vaults:3 [+gen,-vis] Vaults:4 [+gen,-vis] Vaults:5 [+gen,-vis] Crypt:1 [+gen,-vis] Crypt:2 [+gen,-vis] Crypt:3 [+gen,-vis] Tomb:1 [+gen,-vis] Tomb:2 [+gen,-vis] Tomb:3 [+gen,-vis] Depths:1 [+gen,-vis] Depths:2 [+gen,-vis] Depths:3 [+gen,-vis] Depths:4 [+gen,-vis] Hell [+gen,-vis] Dis:1 [+gen,-vis] Dis:2 [+gen,-vis] Dis:3 [+gen,-vis] Dis:4 [+gen,-vis] Dis:5 [+gen,-vis] Dis:6 [+gen,-vis] Dis:7 [+gen,-vis] Geh:1 [+gen,-vis] Geh:2 [+gen,-vis] Geh:3 [+gen,-vis] Geh:4 [+gen,-vis] Geh:5 [+gen,-vis] Geh:6 [+gen,-vis] Geh:7 [+gen,-vis] Coc:1 [+gen,-vis] Coc:2 [+gen,-vis] Coc:3 [+gen,-vis] Coc:4 [+gen,-vis] Coc:5 [+gen,-vis] Coc:6 [+gen,-vis] Coc:7 [+gen,-vis] Tar:1 [+gen,-vis] Tar:2 [+gen,-vis] Tar:3 [+gen,-vis] Tar:4 [+gen,-vis] Tar:5 [+gen,-vis] Tar:6 [+gen,-vis] Tar:7 [+gen,-vis] Zot:1 [+gen,-vis] Zot:2 [+gen,-vis] Zot:3 [+gen,-vis] Zot:4 [+gen,-vis] Zot:5 [+gen,-vis] Abyss:1 [+gen,-vis] Abyss:2 [+gen,-vis] Abyss:3 [+gen,-vis] Abyss:4 [+gen,-vis] Abyss:5 [+gen,-vis] Abyss:6 [+gen,-vis] Abyss:7 [+gen,-vis] Pan [+gen,-vis] Zig:1 [+gen,-vis] Zig:2 [+gen,-vis] Zig:3 [+gen,-vis] Zig:4 [+gen,-vis] Zig:5 [+gen,-vis] Zig:6 [+gen,-vis] Zig:7 [+gen,-vis] Zig:8 [+gen,-vis] Zig:9 [+gen,-vis] Zig:10 [+gen,-vis] Zig:11 [+gen,-vis] Zig:12 [+gen,-vis] Zig:13 [+gen,-vis] Zig:14 [+gen,-vis] Zig:15 [+gen,-vis] Zig:16 [+gen,-vis] Zig:17 [+gen,-vis] Zig:18 [+gen,-vis] Zig:19 [+gen,-vis] Zig:20 [+gen,-vis] Zig:21 [+gen,-vis] Zig:22 [+gen,-vis] Zig:23 [+gen,-vis] Zig:24 [+gen,-vis] Zig:25 [+gen,-vis] Zig:26 [+gen,-vis] Zig:27 [+gen,-vis] Bazaar [+gen,-vis] Trove [+gen,-vis] Sewer [+gen,-vis] Ossuary [+gen,-vis] Bailey [+gen,-vis] IceCv [+gen,-vis] Volcano [+gen,-vis] WizLab [+gen,-vis] Desolation [+gen,-vis] Gauntlet [+gen,-vis] Arena

Skill      XL: |  1  2 |
---------------+-------+-----
Axes           | 2 3 |  3.5
Fighting       | |  3.2
Armour         | |  3.2
Shields        | |  3.2

Action                     || total
---------------------------++-------
  Melee: War axe           ||    56
    Use: Scroll            ||     3
         Potion            ||     1
 Armour: Scale mail        ||    49
  Dodge: Dodged            ||    31
  Block: Buckler           ||    10

Table legend:
 A = Non-vault XP
 B = Vault XP
 C = Vault XP percentage of total XP
 D = Non-vault monster count
 E = Vault monster count
 F = Vault count percentage of total count
                 A         B        C        D         E       F
            +---------+---------+-------+---------+---------+-------
      Total |      27 |      36 |  57.1 |      17 |      12 |  41.4
            +---------+---------+-------+---------+---------+-------
        D:1 |      26 |       0 |   0.0 |      16 |       0 |   0.0
        D:2 |       1 |      36 |  97.3 |       1 |      12 |  92.3
            +---------+---------+-------+---------+---------+-------
